Map: 2000 Atmospheres LE

Players

soul

  • Race: Terran Terran

Trap - Winner!

  • Race: Protoss Protoss

Event: TSL 7

VOD

Have the link to the VOD?

Description

Time

  • Played on: June 13, 2021, 9 a.m.
  • Length: 17:24

All games in this series

Show
View Real Time Build Order
Export as new Build Order

soul Terran 

Build Orders:  

Get SALT Encoding   

  12  0:00  SCV  
  13  0:12  SCV  
  14  0:17  Supply Depot  
  14  0:25  SCV  
  14  0:27  Refinery  
  15  0:38  SCV  
  16  0:45  Barracks  
  16  0:50  SCV  
  17  1:03  SCV  
  18  1:08  Engineering Bay  
  18  1:15  SCV  
  19  1:33  Orbital Command, Marine  
  19  1:39  Factory  
  20  1:50  Supply Depot  
  20  1:56  Barracks Reactor  
  20  1:59  SCV  
  21  2:12  SCV  
  22  2:20  Command Center  
  22  2:24  Widow Mine  
  22  2:27  SCV  
  24  2:32  Marine x2  
  26  2:39  SCV  
  26  2:43  Barracks  
  27  2:47  Factory Tech Lab  
  27  2:50  Marine  
  28  2:57  SCV  
  29  2:59  Marine  
  29  3:08  Refinery, Siege Tank  
  31  3:16  Supply Depot  
  31  3:20  SCV  
  31  3:30  Barracks Tech Lab  
  31  3:37  SCV, Marine x2  
  34  3:45  Siege Tank  
  37  3:49  SCV  
  37  3:50  Marine  
  39  4:02  Combat Shield  
  39  4:08  Marine, Supply Depot  
  39  4:12  Marine x2  
  39  4:14  SCV  
  38  4:20  Cyclone  
  37  4:25  Marine  
  37  4:26  SCV  
  37  4:30  Marine x2  
  41  4:38  SCV  
  41  4:43  Marine  
  43  4:48  Marine x2  
  43  4:51  Orbital Command  
  43  4:52  SCV, Siege Tank  
  49  5:01  Marine  
  49  5:04  SCV  
  49  5:06  Marine x2  
  53  5:16  SCV x2, Supply Depot  
  53  5:19  Marine  
  56  5:23  Marine x2  
  56  5:24  Siege Tank  
  62  5:28  SCV  
  62  5:31  Supply Depot  
  62  5:38  SCV, Marine  
  62  5:40  SCV  
  62  5:41  Marine x2  
  62  5:42  Supply Depot  
  67  5:50  SCV  
  67  5:51  Stimpack  
  67  5:52  SCV  
  67  5:56  Marine  
  67  5:59  Marine  
  67  6:02  SCV  
  69  6:04  SCV  
  69  6:07  Starport  
  69  6:09  Engineering Bay  
  69  6:11  Refinery  
  70  6:12  Factory Reactor  
  70  6:14  SCV  
  70  6:17  SCV  
  72  6:25  Supply Depot  
  70  6:26  SCV  
  70  6:29  SCV  
  72  6:34  Marine  
  72  6:35  Marine, Supply Depot  
  72  6:37  Terran Infantry Weapons Level 1  
  72  6:39  SCV  
  75  6:41  SCV  
  75  6:46  Command Center  
  76  6:47  Medivac  
  76  6:49  Widow Mine  
  76  6:51  Widow Mine, SCV  
  76  6:53  Armory  
  83  6:55  SCV  
  83  6:58  Refinery  
  84  7:03  SCV  
  84  7:04  Barracks  
  84  7:07  SCV  
  86  7:12  Barracks  
  86  7:14  Barracks  
  86  7:17  Medivac  
  86  7:20  Widow Mine x2  
  92  7:24  SCV  
  92  7:25  SCV  
  92  7:37  SCV x2  
  93  7:38  Supply Depot  
  93  7:39  Supply Depot  
  98  7:46  Marauder  
  98  7:49  SCV x2  
  98  7:53  Barracks Tech Lab  
  98  7:57  Factory Reactor  
  99  7:58  SCV  
  99  8:01  SCV x2  
  99  8:03  Barracks Tech Lab  
  101  8:08  Medivac x2  
  101  8:10  SCV, Marine  
  101  8:11  Marauder  
  105  8:21  Marine  
  105  8:22  SCV, Marauder x2  
  112  8:27  Barracks Reactor  
  112  8:32  Orbital Command  
  112  8:33  SCV  
  112  8:34  SCV  
  112  8:35  Terran Infantry Armor Level 1  
  112  8:36  Marine  
  112  8:37  Marauder  
  112  8:38  Medivac  
  112  8:39  Widow Mine x2  
  122  8:43  Marauder  
  122  8:44  Medivac  
  122  8:46  SCV  
  125  8:49  Marauder, Marine  
  125  8:53  Ghost Academy  
  125  8:54  Orbital Command  
  128  8:56  SCV  
  128  8:58  Marauder, Marine  
  128  9:01  SCV  
  133  9:05  Supply Depot  
  133  9:08  Supply Depot  
  133  9:09  Supply Depot  
  133  9:23  SCV x3  
  141  9:25  Widow Mine x2  
  141  9:26  Marine x3, Ghost x3  
  141  9:29  Marine  
  147  9:35  Refinery  
  147  9:37  Refinery  
  147  9:40  Supply Depot  
  147  9:42  Supply Depot  
  147  9:43  Marine, Enhanced Shockwaves  
  147  9:44  Marine  
  149  9:45  Marine  
  149  9:46  Engineering Bay  
  149  9:50  Marine  
  151  9:53  Medivac  
  151  9:54  Widow Mine  
  151  9:55  Widow Mine, Marauder x3  
  163  10:01  Marine  
  163  10:04  Marine  
  165  10:13  Medivac  
  167  10:16  Marauder  
  167  10:18  Terran Infantry Weapons Level 2  
  167  10:21  Marauder x2, Marine  
  174  10:25  Marine  
  174  10:26  Supply Depot  
  174  10:27  Command Center, Medivac  
  177  10:28  Marine  
  177  10:32  Marine  
  178  10:38  Marauder  
  178  10:42  Marauder  
  180  10:44  Marine  
  180  10:45  Missile Turret  
  180  10:47  Medivac  
  180  10:48  Marauder, Marine  
  186  10:52  Supply Depot  
  186  10:54  Widow Mine  
  188  10:57  Medivac  
  188  10:58  Widow Mine, Marine  
  188  11:00  Marine  
  188  11:01  Marauder  
  189  11:07  Marine  
  189  11:10  Marine  
  179  11:14  Marine, Ghost  
  179  11:16  Marine  
  179  11:18  Marine  
  164  11:19  SCV  
  164  11:20  SCV  
  164  11:21  SCV  
  164  11:22  Marine  
  164  11:25  Marine  
  167  11:27  Bunker  
  167  11:28  Marine  
  167  11:31  SCV  
  167  11:32  SCV, Marine  
  169  11:33  SCV, Medivac x2  
  174  11:43  SCV  
  174  11:44  Terran Infantry Armor Level 2, SCV  
  174  11:45  SCV  
  177  11:47  Sensor Tower  
  177  11:53  Sensor Tower  
  177  11:54  Orbital Command  
  177  11:55  Widow Mine x2, SCV  
  177  11:56  SCV  
  177  11:58  Terran Ship Weapons Level 1  
  168  12:16  Planetary Fortress  
  168  12:18  Refinery  
  168  12:20  Refinery, SCV x2  
  169  12:25  Widow Mine x2  
  169  12:26  SCV  
  172  12:32  SCV  
  172  12:33  Bunker, Fusion Core  
  172  12:34  SCV  
  172  12:35  Refinery  
  174  12:38  SCV  
  174  12:40  Command Center  
  175  12:44  SCV  
  175  12:46  SCV  
  175  12:50  Starport, SCV  
  178  13:03  SCV  
  178  13:04  Marine, Ghost  
  180  13:08  Viking  
  179  13:15  Marine  
  179  13:16  Marauder x2  
  183  13:25  Missile Turret  
  181  13:28  Marine  
  181  13:30  Command Center, Missile Turret  
  181  13:33  Marauder  
  179  13:44  Terran Infantry Weapons Level 3  
  179  13:45  SCV  
  179  13:46  SCV x2  
  171  13:51  Starport Reactor  
  171  13:57  Liberator x2  
  171  13:58  SCV  
  178  14:04  Terran Ship Weapons Level 2  
  156  14:25  SCV x3  
  156  14:28  Terran Infantry Armor Level 3  
  159  14:37  SCV x3  
  162  14:40  Sensor Tower, Liberator x2  
  162  14:41  Missile Turret  
  168  14:49  SCV  
  168  14:50  Marine  
  170  14:55  Marine  
  170  14:56  Marauder  
  170  14:57  Marine  
  170  14:59  Marine  
  175  15:02  Marine  
  175  15:03  Fusion Core  
  175  15:05  Marauder  
  178  15:07  Marine  
  178  15:13  Marine  
  176  15:15  Marine  
  176  15:17  Marine  
  176  15:19  SCV  
  176  15:20  SCV  
  178  15:29  Liberator x2  
  184  15:37  Marine  
  184  15:39  Marauder, Marine  
  184  15:40  Marauder x2  
  177  15:48  SCV x2  
  179  15:52  Advanced Ballistics  
  179  15:56  Command Center  
  179  15:57  Barracks, Marine  
  179  15:58  Command Center  
  179  15:59  Barracks, Ghost Academy  
  179  16:00  Barracks  
  179  16:01  Marauder  
  182  16:16  Marine  
  165  16:20  Marine  
  165  16:22  Command Center  
  160  16:26  Liberator x2  
  160  16:30  Ghost  
  148  16:34  Ghost  
  148  16:35  Marine  
  149  16:41  Refinery  
  145  16:52  Marine  
  145  16:53  Marine  
  145  16:54  Marauder  
  145  16:55  Marine  
  145  17:01  SCV  
Show
View Real Time Build Order
Export as new Build Order

Trap Protoss - Winner!

Build Orders: Oracle Opening 

Get SALT Encoding   

  12  0:00  Probe  
  13  0:12  Probe  
  14  0:18  Pylon  
  14  0:24  Probe  
  15  0:36  Probe (Chrono Boost), Gateway  
  16  0:46  Probe (Chrono Boost), Assimilator  
  17  0:51  Probe (Chrono Boost)  
  18  1:03  Probe  
  19  1:15  Probe  
  20  1:24  Zealot  
  20  1:25  Cybernetics Core  
  22  1:28  Probe, Pylon  
  23  1:37  Assimilator  
  23  1:46  Probe  
  24  1:58  Probe  
  24  2:00  Adept (Chrono Boost)  
  27  2:10  Probe  
  21  2:22  Adept (Chrono Boost)  
  28  2:24  Stargate, Pylon  
  30  2:30  Warp Gate  
  30  2:46  Nexus  
  30  2:51  Adept  
  30  2:56  Probe  
  32  3:08  Probe  
  32  3:09  Oracle (Chrono Boost)  
  34  3:20  Probe  
  34  3:25  Twilight Council  
  35  3:32  Probe  
  36  3:44  Probe  
  37  3:50  Gateway  
  37  3:52  Gateway  
  37  3:56  Probe  
  38  4:03  Blink (Chrono Boost)  
  38  4:09  Probe  
  39  4:18  Probe  
  39  4:21  Probe  
  41  4:30  Probe (Chrono Boost), Stalker  
  42  4:35  Pylon  
  43  4:39  Probe (Chrono Boost)  
  43  4:41  Probe (Chrono Boost)  
  45  4:46  Probe x2 (Chrono Boost)  
  45  4:50  Assimilator, Stalker x2  
  50  4:53  Stalker  
  50  4:56  Pylon  
  50  4:57  Probe x2  
  54  5:09  Probe x2  
  56  5:15  Stalker x2  
  56  5:16  Stalker  
  62  5:24  Probe x2  
  60  5:36  Nexus  
  60  5:41  Shield Battery  
  59  5:43  Shield Battery  
  59  5:47  Sentry x2, Stalker  
  65  5:53  Probe  
  65  5:54  Probe  
  67  6:03  Assimilator  
  67  6:05  Charge  
  67  6:06  Probe x2  
  67  6:08  Pylon  
  69  6:11  Pylon  
  69  6:13  Templar Archives  
  69  6:19  Probe  
  70  6:26  Probe  
  70  6:30  Psionic Storm  
  71  6:32  Gateway  
  71  6:34  Probe  
  71  6:35  Gateway  
  71  6:37  Gateway  
  71  6:38  Probe, Gateway  
  73  6:45  Shield Battery  
  73  6:51  Probe x2  
  73  6:53  High Templar  
  78  6:54  Probe  
  78  7:00  Gateway  
  78  7:04  High Templar, Zealot  
  78  7:06  Pylon  
  82  7:09  Probe x2  
  82  7:10  Probe  
  85  7:17  Forge  
  85  7:25  Probe x3  
  85  7:28  High Templar, Assimilator  
  85  7:29  Zealot x2, Assimilator  
  94  7:36  Pylon  
  94  7:38  Probe x2  
  94  7:39  Probe  
  97  7:45  Protoss Ground Weapons Level 1 (Chrono Boost), High Templar  
  97  7:46  Shield Battery  
  97  7:48  Zealot x2  
  97  7:51  High Templar  
  105  7:53  Zealot x2  
  105  7:57  Probe x3  
  111  8:07  Photon Cannon  
  111  8:23  Zealot x3  
  117  8:34  Pylon  
  113  8:35  Probe x2 (Chrono Boost), Pylon x2  
  113  8:36  Pylon  
  113  8:38  Probe (Chrono Boost)  
  116  8:47  Probe (Chrono Boost), Forge  
  117  8:48  Pylon  
  117  8:50  Photon Cannon  
  117  8:51  Probe (Chrono Boost), Pylon  
  117  8:52  Probe (Chrono Boost)  
  117  8:53  Probe (Chrono Boost), Pylon  
  117  8:54  High Templar x2  
  124  9:03  Nexus  
  124  9:04  Probe  
  124  9:05  Pylon  
  124  9:09  Zealot x2  
  129  9:13  Probe x2  
  129  9:16  Robotics Facility  
  131  9:17  Protoss Ground Armor Level 1 (Chrono Boost)  
  131  9:33  Stalker x4  
  131  9:36  Protoss Ground Weapons Level 2 (Chrono Boost)  
  139  9:40  Probe x3  
  139  9:41  Robotics Facility  
  142  9:46  Shield Battery  
  142  9:49  Photon Cannon  
  142  9:57  Probe x3  
  145  10:01  Zealot  
  147  10:09  Observer (Chrono Boost)  
  147  10:10  Robotics Bay  
  147  10:13  Photon Cannon  
  148  10:16  Nexus  
  148  10:21  High Templar x4  
  152  10:25  Observer, Archon x2  
  157  10:38  Immortal (Chrono Boost)  
  161  10:46  Observer (Chrono Boost)  
  162  10:54  Stalker x4  
  170  11:02  Disruptor (Chrono Boost)  
  169  11:06  Stalker  
  169  11:07  Stalker x3  
  174  11:16  Probe x4, Protoss Ground Armor Level 2 (Chrono Boost)  
  174  11:17  Photon Cannon  
  172  11:19  Disruptor (Chrono Boost)  
  172  11:24  Gravitic Drive  
  171  11:28  Probe  
  171  11:31  Disruptor (Chrono Boost)  
  175  11:32  Assimilator  
  175  11:33  Probe x4, Pylon  
  175  11:34  Assimilator  
  175  11:39  Zealot x8  
  195  11:40  Probe  
  195  11:43  Dark Shrine  
  195  11:45  Warp Prism (Chrono Boost)  
  196  11:47  Protoss Ground Weapons Level 3 (Chrono Boost)  
  196  11:53  Photon Cannon  
  198  11:54  Shield Battery  
  198  11:55  Photon Cannon  
  189  12:19  Disruptor x2  
  187  12:36  Gateway  
  187  12:38  Gateway  
  187  12:39  Gateway  
  187  12:40  Gateway  
  187  12:43  Gateway  
  187  12:51  Photon Cannon  
  187  12:52  Stargate  
  187  12:55  Photon Cannon  
  187  12:56  Photon Cannon  
  187  13:04  Nexus, Shadow Stride (Chrono Boost), Dark Templar x5  
  189  13:21  Assimilator  
  189  13:22  Protoss Shields Level 1 (Chrono Boost), Assimilator  
  183  13:40  Warp Prism (Chrono Boost)  
  183  13:41  Disruptor (Chrono Boost)  
  181  13:47  Pylon  
  178  13:55  Nexus  
  178  13:57  Pylon  
  174  14:16  Disruptor x2  
  174  14:23  Protoss Ground Armor Level 3 (Chrono Boost)  
  170  14:24  Dark Templar x3  
  170  14:25  Dark Templar  
  178  14:39  Photon Cannon  
  178  14:41  Photon Cannon, Stargate x2, Fleet Beacon  
  178  14:43  Photon Cannon  
  178  14:44  Photon Cannon  
  170  15:16  Dark Templar x5  
  170  15:17  Dark Templar x3  
  170  15:20  Dark Templar x5  
  176  15:50  Zealot x3  
  176  15:51  Zealot x5  
  176  15:52  Zealot x4  
  200  16:03  Photon Cannon  
  198  16:04  Photon Cannon  
  198  16:06  Shield Battery  
  198  16:14  Photon Cannon  
  190  16:21  Disruptor x2  
  190  16:24  Tempest  
  176  16:35  Stalker x8  
  176  16:38  Assimilator  
  176  16:39  Assimilator  
  188  17:00  Dark Templar x2  
  188  17:01  Dark Templar x6  
Tags
 
Add a new tag
Caveats
  • Supply blocks, unpowered buildings, or Contaminate may cause inaccurate times.
  • Supply counts are checked every 10 seconds.